Thistle, neutral female sylph Wizard ---------------------------------------------------------------------------- |...........|.......).......................................|.`......|)..`.| |...........|...............................................|........|.....| |.......^...|.%.`..............%............................|........|.....| |..|..----..|..----------..----------------------..-------..|..|..|..|..---| |..|^....|..|.....|.....|..|.................| ...|.....|..|.)|..|.%|.....| |..|.....|..|.....|.....|..|...............%.| ...|.....|..|..|..|..|.....| |..|....`|..|.....|.....|..|..............%..| ...|.....|..|..|..|..|.....| |..----..|..|---..|..---|..|..-------------..|---------..|..|---..|..|---..| |.....|..|..|.....|.....|..|..|.....|........|....>.*....|..|.....|.*|.....| |.....|..|..|.....|.....|..|..|.....|........|...........|..|.....|..|.....| |....`|..|..|.....|.....|..|^.|.....|........|...........|..|.....|..|.....| |---..|..----..-------..|..|..----..|..-------..----------.%|..----..|..|..| |.....|...............*.|...........|...%.......|............).|<.......|..| |.....|........I......`.........................|..........[...|........|..| |.....|........I^.......|...........|.....*.^...|.........[...`|........|..| ---------------------------------------------------------------------------- Thistle the Enchantress Experience level: 14 Strength: 15 Dexterity: 17 Constitution: 16 Intelligence: 21 Wisdom: 21 Charisma: 10 Health: 0(102) Energy: 198(198) Def: 18 Gold: 859 Moves: 37904 Dungeon seed: 0OAmYcQQ0_kA1GIZ Game ID: Thistle_1488199262 Your Inventory: Coins $ - 859 gold pieces Amulets a - an uncursed amulet of reflection (being worn) V - the blessed Eye of the Aethiopica Weapons c - a blessed +1 quarterstaff t - the blessed rustproof +6 Magicbane (weapon in hand) Armor k - a blessed fireproof +4 cloak of magic resistance (being worn) y - a blessed +2 cornuthaum (being worn) K - a blessed +4 T-shirt (being worn) M - a blessed +0 pair of leather gloves Scrolls U - an uncursed scroll of destroy armor Spellbooks X - an uncursed spellbook of sleep Potions S - an uncursed potion of extra healing Rings J - an uncursed ring of invisibility (on right hand) T - an uncursed ring of slow digestion (on left hand) Z - an uncursed ring of levitation Wands w - a wand of digging (0:4) G - a blessed wand of fire (0:2) I - a wand of teleportation (0:5) Tools e - a blessed -2 unicorn horn o - an uncursed skeleton key q - an uncursed stethoscope u - an uncursed towel z - a blessed bag of holding Gems W - a blessed luckstone Contents of the bag of holding: 70165 gold pieces the rustproof +0 Cleaver the rustproof +0 Mjollnir a +0 silver dagger a blessed +0 silver saber a +0 silver saber an uncursed +0 mummy wrapping 12 uncursed K-rations a +0 pick-axe 4 uncursed agates 12 uncursed amethysts 3 uncursed black opals 2 uncursed citrines 5 uncursed diamonds 17 uncursed emeralds 2 uncursed fluorites 9 uncursed garnets 16 uncursed jades 2 uncursed jaspers an uncursed jet 3 uncursed obsidians 12 uncursed rubies Spells and supernatural/magical abilities: Name Level Category Fail Memory a - force bolt 1 attack 0% 26% f - fireball 4 attack 0% 58% h - healing 1 healing 0% 75% i - invisibility 4 escape 23% 26% j - jumping 1 escape 0% 91% k - knock 1 matter 0% 74% l - light 1 divination 0% 56% m - magic missile 2 attack 0% 26% n - detect monsters 1 divination 0% 26% o - cone of cold 4 attack 0% 58% r - remove curse 3 clerical 0% 79% s - slow monster 1* enchantment 0% 0% u - confuse monster 2 enchantment 0% 58% v - clairvoyance 3 divination 0% 74% x - extra healing 3 healing 0% 26% z - sleep 2 enchantment 0% 51% C - cancellation 7* matter 71% 0% E - detect food 2* divination 0% 0% G - detect treasure 4* divination 0% 0% H - haste self 3* escape 0% 0% I - identify 3 divination 0% 51% K - cure sickness 3* healing 0% 0% O - create monster 2 clerical 0% 26% P - polymorph 6 matter 42% 64% R - restore ability 4 healing 23% 1% T - turn undead 4 clerical 23% 75% U - detect unseen 3 divination 0% 53% W - pray for help -- divine ? -- Your skills at the end: Miscellaneous Skills wands [Skilled] Weapon Skills dagger [Basic] quarterstaff [Basic] Spellcasting Skills attack spells [Skilled] healing spells [Basic] divination spells [Skilled] enchantment spells [Basic] clerical spells [Basic] escape spells [Basic] matter spells [Skilled] Final Attributes: You were piously aligned. You were cold resistant. You were poison resistant. You were magic-protected. Your writing hand was cramped from overuse. You saw invisible. You were telepathic. You were clairvoyant. You had infravision. You were invisible to others. You were displaced. You were very stealthy. You had slower digestion. You were protected. You were protected from shape changers. You were fast. You had reflection. You were extremely lucky. You had extra luck. Good luck did not time out for you. You are dead. Vanquished creatures: Medusa Croesus 3 elder red dragons 2 elder green dragons 2 iron golems a gray dragon a red dragon 5 green dragons a glass golem a purple worm 5 minotaurs The Dark One a young white dragon 3 young blue dragons a young yellow dragon an Olog-hai a Nazgul 3 titanotheres 13 baby red dragons 45 baby green dragons a gryphon 2 guardian nagas a disenchanter 2 captains 4 water trolls a clay golem a nurse 4 Aleaxes 4 frost giants 9 black puddings 2 vampires 7 ghosts 2 ettins 4 lieutenants a winged gargoyle a mind flayer 2 giant mimics 3 fire giants an ogre king an Elvenking 4 rock trolls 2 flesh golems 3 large mimics 2 wumpuses a baby purple worm 2 long worms 7 stalkers an earth elemental 12 elf-lords 7 xorns 10 sergeants 5 wargs 2 winter wolves 4 quantum mechanics 8 small mimics 2 island nymphs 2 glass piercers 2 warhorses 4 xans 4 ogre lords 13 trolls 4 wood golems 2 pyrolisks 3 large dogs 7 freezing spheres 7 flaming spheres a shocking sphere 3 large cats 6 tigers 7 tengu 6 gelatinous cubes 3 ochre jellies 4 crocodiles 5 chameleons 4 leocrottas 2 energy vortices 2 mountain centaurs a giant 3 elf mummies 5 human mummies 2 red nagas 15 Grey-elves 4 pit vipers 2 pythons a cobra 13 wraiths 6 ettin zombies a leather golem 70 soldiers 4 succubi 9 incubi 5 giant beetles 7 cockatrices 5 wolves 13 winter wolf cubs 3 black lights a lynx a panther 5 gremlins 21 leprechauns 8 quivering blobs 4 spotted jellies 9 lizards a mountain nymph 5 orc-captains 7 mumakil 10 giant spiders 7 scorpions an iron piercer 3 horses 4 ice vortices 59 vampire bats 4 forest centaurs 8 gnome kings 5 orc mummies 3 dwarf mummies 5 ogres 2 brown puddings 4 Green-elves 2 rust monsters 5 owlbears a yeti 3 gold golems 2 werewolves 7 piranhas 8 giant eels 8 chickatrices 2 dogs 2 dingos 4 housecats 4 jaguars 7 dwarf lords 8 blue jellies 5 water nymphs 4 white unicorns 3 black unicorns 4 dust vortices 11 ravens 8 plains centaurs 4 gnome mummies 10 Woodland-elves 4 snakes 2 apes 10 human zombies 5 rope golems 11 soldier ants 5 fire ants 5 yellow lights 26 bugbears 5 imps 9 quasits 2 baby crocodiles 5 wood nymphs 16 Mordor orcs 27 Uruk-hai 2 orc shamans a rock mole 5 rock piercers 10 ponies 7 fog clouds 2 shriekers 7 violet fungi 13 gnome lords 12 gnomish wizards 4 kobold mummies 4 red naga hatchlings 2 golden naga hatchlings 4 guardian naga hatchlings 10 gray oozes 5 barrow wights 16 elf zombies 4 ghouls 2 straw golems 5 paper golems 2 jellyfish 12 giant ants 2 puppies 10 floating eyes 6 kittens 28 dwarves 13 homunculi 3 kobold lords 8 kobold shamans 18 iguanas 36 hill orcs 18 rothes 2 rabid rats 6 centipedes 4 jitterbugs 14 giant bats 3 monkeys 10 orc zombies 13 dwarf zombies 6 wererats 3 werejackals 9 killer bees 14 coyotes 3 gas spores 10 hobbits 4 acid blobs 2 large kobolds 20 geckos 33 hobgoblins 11 giant rats 10 cave spiders 3 brown molds 4 yellow molds 7 green molds 3 red molds 57 gnomes 12 garter snakes 29 manes 2 gnome zombies 19 jackals 2 foxes 12 kobolds 23 newts 9 goblins 14 sewer rats 22 grid bugs 4 bats 15 lichens 9 kobold zombies 1592 creatures vanquished. Voluntary challenges: You were vegetarian. You did not eat until turn 1949. You had followed a strict vegan diet until turn 7069. You were not invisible. You used a wielded weapon 1181 times, starting on turn 64. You did not use sinks. You read items or engraved 375 times, starting on turn 1138. You never genocided any monsters. You polymorphed 686 items, starting on turn 30570. You never changed form. You completed Sokoban on turn 6955, according to the rules. You used no wishes. You split 2 puddings, starting on turn 24276. You wrote Elbereth's name 12 times, starting on turn 4007. You violated your moral code, losing 4 points of alignment, starting on turn 7580. Dungeon overview: The Dungeons of Doom: levels 1 to 27 Level 1 a long staircase Level 2 a fountain Level 3 a general store, an altar to Thoth Level 4 a fountain, a sink stairs to The Gnomish Mines Level 5 many fountains Level 6 a scroll shop stairs to Sokoban Level 7 a fountain, some sinks Level 8 a fountain Level 9 Level 10 a fountain Level 11 a temple to Ptah portal to The Quest Level 12 an altar to Ptah Level 13 a fountain Level 14 Level 15 some fountains portal to Fort Ludios Level 16 a sink Level 17 some fountains, a sink, a throne Level 18 Level 19 a throne Level 20 a scroll shop, a sink Level 21 Level 22 Level 23 Level 24 Level 25 Level 26 <- You were here Level 27 The Gnomish Mines: levels 5 to 13 Level 5 stairs to The Dungeons of Doom Level 6 Level 7 Level 8 many shops, a temple to Ptah, a magic chest, some fountains Level 9 Level 10 Level 11 Level 12 Level 13 a magic chest, a fountain The Quest: levels 1 to 5 Level 1 a magic chest, a throne portal to The Dungeons of Doom Level 2 Level 3 Level 4 Level 5 Sokoban: levels 2 to 5 Level 2 a magic chest Level 3 a sink Level 4 a fountain Level 5 an altar to Thoth, a magic chest stairs to The Dungeons of Doom Fort Ludios: Level 1 a magic chest, a throne portal to The Dungeons of Doom History has recorded: On T:1 you entered the Dungeons of Doom to retrieve the Amulet of Yendor! On T:34 you reached level 2 of The Dungeons of Doom. On T:456 you advanced to experience level 2. On T:765 you prayed to Thoth. On T:875 you reached level 3 of The Dungeons of Doom. On T:1011 you reached level 4 of The Dungeons of Doom. On T:1256 you advanced to experience level 3. On T:1393 you reached level 1 of The Gnomish Mines. On T:1565 you reached level 5 of The Dungeons of Doom. On T:1634 you prayed to Thoth. On T:1651 you advanced to experience level 4. On T:1787 you received Magicbane from Thoth. On T:1824 you advanced to experience level 5. On T:1890 you received Mjollnir from Thoth. On T:2004 you prayed to Thoth. On T:2072 you advanced to experience level 6. On T:2306 you reached level 2 of The Gnomish Mines. On T:2507 you reached level 3 of The Gnomish Mines. On T:2755 you prayed to Thoth. On T:3278 you reached level 4 of The Gnomish Mines. On T:3363 you reached level 5 of The Gnomish Mines. On T:3466 you opened a magic chest. On T:3484 you entered the Minetown temple On T:3877 you advanced to experience level 7. On T:4399 you reached level 6 of The Dungeons of Doom. On T:4448 you reached level 7 of The Dungeons of Doom. On T:4531 you reached level 4 of Sokoban. On T:4751 you reached level 3 of Sokoban. On T:5330 you reached level 2 of Sokoban. On T:5942 you reached level 1 of Sokoban. On T:5966 you advanced to experience level 8. On T:6955 you advanced to experience level 9. On T:6955 you entered the Sokoban zoo. On T:8196 you prayed to Thoth. On T:8824 you reached level 6 of The Gnomish Mines. On T:8879 you reached level 8 of The Gnomish Mines. On T:8902 you reached level 9 of The Gnomish Mines. On T:8902 you reached the bottom of the Mines. On T:9813 you prayed to Thoth. On T:10070 you reached level 7 of The Gnomish Mines. On T:10523 you advanced to experience level 10. On T:11104 you prayed to Thoth. On T:11891 you prayed to Thoth. On T:12565 you prayed to Thoth. On T:13047 you prayed to Thoth. On T:13487 you prayed to Thoth. On T:13837 you reached level 8 of The Dungeons of Doom. On T:14028 you prayed to Thoth. On T:14390 you reached level 9 of The Dungeons of Doom. On T:14606 you reached level 10 of The Dungeons of Doom. On T:14827 you reached level 11 of The Dungeons of Doom. On T:15121 you reached level 1 of The Quest. On T:15123 you prayed to Thoth. On T:15182 you advanced to experience level 11. On T:15688 you reached level 12 of The Dungeons of Doom. On T:15700 you prayed to Thoth. On T:15793 you reached level 13 of The Dungeons of Doom. On T:16040 you reached level 14 of The Dungeons of Doom. On T:16886 you prayed to Thoth. On T:17954 you prayed to Thoth. On T:18558 you prayed to Thoth. On T:18811 you prayed to Thoth. On T:19251 you prayed to Thoth. On T:19506 you reached level 15 of The Dungeons of Doom. On T:19892 you prayed to Thoth. On T:20160 you reached level 16 of The Dungeons of Doom. On T:20439 you reached Fort Ludios. On T:21093 you reached level 17 of The Dungeons of Doom. On T:21478 you reached level 18 of The Dungeons of Doom. On T:21478 you entered the Rogue tribute level. On T:21597 you reached level 19 of The Dungeons of Doom. On T:23187 you received Cleaver from Thoth. On T:23280 you prayed to Thoth. On T:23866 you prayed to Thoth. On T:24539 you advanced to experience level 12. On T:24765 you prayed to Thoth. On T:25572 you reached level 20 of The Dungeons of Doom. On T:25598 you reached level 21 of The Dungeons of Doom. On T:25659 you prayed to Thoth. On T:26196 you reached level 22 of The Dungeons of Doom. On T:26369 you prayed to Thoth. On T:27067 you prayed to Thoth. On T:27584 you advanced to experience level 13. On T:27766 you prayed to Thoth. On T:28153 you prayed to Thoth. On T:28320 you received a spellbook of detect unseen from Thoth. On T:28452 you advanced to experience level 14. On T:28500 you prayed to Thoth. On T:28701 you embarked upon an epic quest. On T:28720 you reached level 2 of The Quest. On T:28783 you reached level 3 of The Quest. On T:29082 you prayed to Thoth. On T:29518 you reached level 4 of The Quest. On T:29631 you prayed to Thoth. On T:29770 you reached level 5 of The Quest. On T:30266 you killed Dark One on level 4 of The Quest. On T:30325 you prayed to Thoth. On T:30357 you completed the quest! On T:33220 you killed Croesus in Fort Ludios. On T:35408 you killed Medusa on level 22 of The Dungeons of Doom. On T:35508 you reached level 23 of The Dungeons of Doom. On T:36065 you reached level 24 of The Dungeons of Doom. On T:36617 you reached level 25 of The Dungeons of Doom. On T:37203 you reached level 26 of The Dungeons of Doom. On T:37732 you reached level 27 of The Dungeons of Doom. Score breakdown: Gold: 71024 ( 2000 points) Experience: 14 levels ( 1300 points) Exploration: 27 levels ( 780 points) Discoveries: 182 items ( 2000 points) Variety of kills: 223 monsters ( 2000 points) Major goal: finished the Quest ( 2000 points) Survival: died (score multiplied by 3) Total score: 30240 Latest messages: A lit field surrounds you! Where do you want to cast the spell? Spell cancelled. A cloud of gas puts you to sleep! Something bumps right into you! Something misses. (2x) Something punches you! (2x) Something butts! Something bites! Something punches you! (2x) Something butts! Something misses. Something punches you! (2x) Something butts! Something misses. Something punches you! (2x) Something butts! You die... Final status: Goodbye Thistle the Wizard, killed by a minotaur, while sleeping... You died in The Dungeons of Doom on dungeon level 26 with 30240 points, and 71024 pieces of gold, after 37904 moves. You were level 14 with a maximum of 102 hit points when you died.